 Dungeon Crawl Stone Soup version 0.31-a0-774-g0d66cbabe8 (webtiles) character file.

Game seed: 13581982143479765572

1344 ratmeat3 the Chopper (level 8, -2/31 (64) HPs)
             Began as a Formicid Fighter on Sept 17, 2023.
             Slain by Jeremiah
             ... wielding a +3 trident of draining
              (11 damage)
             ... on level 7 of the Dungeon.
             The game lasted 00:14:01 (6254 turns).

ratmeat3 the Chopper (Formicid Fighter)             Turns: 6254, Time: 00:14:02

HP:   -2/31 (64)    AC: 14    Str: 22    XL:     8   Next: 94%
MP:   8/8           EV:  7    Int:  9    God:
Gold: 265           SH:  5    Dex: 13    Spells: 7/7 levels left

rFire   + + .        a - +1 war axe
rCold   + . .        c - +0 buckler
rNeg    . . .        b - +1 plate armour
rPois   +            (helmet unavailable)
rElec   +            (no cloak)
rCorr   +            e - +0 pair of gloves
SInv    +            (no boots)
Will    .....        (no amulet) Stlth
                     l - ring of poison resistance
HPRegen 0.25/turn    o - ring of protection from fire
MPRegen 0.11/turn

%: no passive effects
@: resistant, extremely drained
A: permanent stasis, dig shafts and tunnels, antennae 3, four strong arms
a: Dig, Shaft Self


You were on level 7 of the Dungeon.
You visited 2 branches of the dungeon, and saw 8 of its levels.
You also visited: Sewer.

You collected 265 gold pieces.

Inventory:

Hand Weapons
 a - a +1 war axe (weapon)
Missiles
 j - 2 throwing nets
Armour
 b - a +1 plate armour (worn)
 c - a +0 buckler (worn)
 e - a +0 pair of gloves (worn)
Jewellery
 l - a ring of poison resistance (left hand)
 o - a ring of protection from fire (right hand)
Talismans
 i - a beast talisman
Wands
 k - a wand of quicksilver (13)
Scrolls
 g - a scroll of fear
 m - 2 scrolls of poison
 q - a scroll of butterflies
 r - 3 scrolls of identify
Potions
 d - a potion of might
 f - 2 potions of brilliance
 h - a potion of berserk rage
 n - 2 potions of lignification
 p - a potion of attraction
 s - 2 potions of curing
 t - a potion of haste
 u - a potion of degeneration


   Skills:
 * Level 5.9 Fighting
 * Level 6.8 Axes
 * Level 2.9 Throwing
 + Level 5.1 Armour
 * Level 2.8 Dodging
 + Level 0.4 Stealth
 + Level 4.8 Shields


You had 7 spell levels left.
You didn't know any spells.
Your spell library contained the following spells:

 Spells                   Type           Power      Damage    Failure   Level
 Ozocubu's Armour         Ice            0%         N/A       100%        3
 Manifold Assault         Tloc           0%         N/A       100%        4
 Metabolic Englaciation   Hex/Ice        0%         N/A       100%        5
 Dispersal                Tloc           0%         N/A       100%        6
 Simulacrum               Ice/Necr       0%         N/A       100%        6
 Disjunction              Tloc           0%         N/A       100%        8


Dungeon Overview and Level Annotations

Branches:
Dungeon (7/15)             Temple (1/1) D:4           Sewer (visited)

Altars:
Ashenzari
Cheibriados
Dithmenos
Elyvilon
Fedhas
Hepliaklqana
Kikubaaqudgha
Makhleb
Nemelex Xobeh
Qazlal
Ru
Sif Muna
Trog
Uskayaw
Vehumet
Wu Jian
Xom
Yredelemnul
Zin
The Shining One

Annotations:
D:7 Jeremiah


Innate Abilities, Weirdness & Mutations

You cannot be hasted, slowed, berserked, paralysed or teleported.
You can dig through walls and to a lower floor.
You have a pair of large antennae on your head. (SInv)
Your four strong arms can wield two-handed weapons with a shield.


Message History

You kill the butterfly!
The butterfly disappears in a burst of colours!
Jeremiah hits you from afar with a +3 trident of draining.
You feel drained.
You closely miss the butterfly. Jeremiah hits you but does no damage.
You feel drained.
You hit the butterfly.
You kill the butterfly!
The butterfly disappears in a burst of colours!
Jeremiah completely misses you.
You closely miss the butterfly. Jeremiah hits you but does no damage.
You feel drained. Jeremiah hits you but does no damage.
You feel drained.
You closely miss the butterfly.
Jeremiah hits you from afar with a +3 trident of draining!
You feel drained.
You hit the butterfly.
You kill the butterfly!
The butterfly disappears in a burst of colours! x3
Jeremiah hits you but does no damage.
You feel drained.
You closely miss the butterfly.
Jeremiah hits you from afar with a +3 trident of draining.
You feel drained.
You barely miss the butterfly.
Jeremiah hits you from afar with a +3 trident of draining.
You feel drained.
You slash the butterfly!
You kill the butterfly!
The butterfly disappears in a burst of colours!
Jeremiah hits you but does no damage.
You feel drained.
You closely miss the butterfly. Jeremiah hits you but does no damage.
You feel drained.
Jeremiah hits you from afar with a +3 trident of draining.
You feel drained.
* * * LOW HITPOINT WARNING * * *
You hit the butterfly.
You kill the butterfly!
The butterfly disappears in a burst of colours! x2
Jeremiah hits you from afar with a +3 trident of draining!
You die...
Jeremiah says, "O terrible one, your will is done."

#.#..#.... {
#.#<.#..# #
#.#..#.$#.#
#####<..b.....#
#.......$.###.$
#+###.....#⌠#..
{ ###...###.#
#.#.....# { {
#@##.#### { #b#
.#


,bFb, # ##b## {{,b.b {{{,b## # You could see Jeremiah.

Vanquished Creatures
  A human (D:3)
  A sky beast (D:6)
  A phantom (D:4)
  An elf zombie (D:4)
  2 scorpions
  2 elf skeletons (D:4)
  4 gnoll boudas
  A human zombie (D:4)
  An orc priest (D:4)
  3 iguanas
  Robin (D:4)
  18 gnolls
  16 adders
  4 river rats (Sewer)
  A shadow imp (D:6)
  A white imp (D:5)
  An ufetubus (D:6)
  A worm (D:4)
  A dart slug (D:4)
  7 orcs
  18 ball pythons
  5 bats
  5 endoplasms
  6 giant cockroaches
  6 goblins
  11 hobgoblins
  8 quokkas
  6 frilled lizards
  A jackal zombie (D:3)
  2 kobolds
  A kobold skeleton (D:3)
  An orc skeleton (D:4)
  An orc zombie (D:4)
  17 rats
156 creatures vanquished.

Notes
Turn   | Place    | Note
-------+----------+-------------------------------------------
     0 | D:1      | ratmeat3 the Formicid Fighter began the quest for the Orb.
     0 | D:1      | Reached XP level 1. HP: 18/18 MP: 1/1
    83 | D:1      | Reached XP level 2. HP: 19/24 MP: 2/2
   628 | D:2      | Reached XP level 3. HP: 29/29 MP: 3/3
  1696 | D:2      | Reached skill level 1 in Dodging
  1696 | D:2      | Reached XP level 4. HP: 37/37 MP: 4/4
  1719 | D:2      | Found a broken altar of Ashenzari.
  1901 | D:3      | Noticed a human
  1902 | D:3      | Found a runed translucent door.
  1909 | D:3      | Found a basalt altar of Yredelemnul.
  1929 | D:3      | Killed a human
  1930 | D:3      | Reached skill level 3 in Axes
  1930 | D:3      | Reached skill level 1 in Throwing
  1930 | D:3      | Reached XP level 5. HP: 42/42 MP: 5/5
  1948 | D:3      | Found a burning altar of Makhleb.
  1956 | D:3      | Reached XP level 6. HP: 47/48 MP: 6/6
  2201 | D:3      | Reached skill level 4 in Axes
  2294 | D:3      | Found a faded altar of an unknown god.
  2352 | D:3      | Found a faded altar of an unknown god.
  2356 | D:3      | Found an ancient bone altar of Kikubaaqudgha.
  2465 | D:4      | Found a hide-covered altar of Uskayaw.
  2506 | D:4      | Found a staircase to the Ecumenical Temple.
  2515 | Temple   | Entered the Ecumenical Temple
  2827 | D:4      | Reached XP level 7. HP: 40/55 MP: 7/7
  2843 | D:4      | Reached skill level 5 in Axes
  3058 | D:4      | Reached skill level 5 in Fighting
  3139 | D:4      | Reached XP level 8. HP: 30/62 MP: 8/8
  3485 | D:4      | Noticed Robin
  3495 | D:4      | Killed Robin
  3691 | D:4      | Reached skill level 5 in Armour
  3917 | D:5      | Entered Level 5 of the Dungeon
  3936 | D:5      | Reached skill level 6 in Axes
  3998 | D:5      | Found a shadowy altar of Dithmenos.
  4750 | D:6      | Found a snail-covered altar of Cheibriados.
  4817 | D:6      | Found a glowing drain.
  4821 | Sewer    | Entered a sewer
  6232 | D:7      | Noticed Jeremiah
  6254 | D:7      | Slain by Jeremiah

Illustrated notes

Levels and vault maps discovered:
D:1:      tarquinn_simple_flora_water_e, layout_rooms, serial_forest,
          infiniplex_forest_clump_tiny, infiniplex_forest_clump_diagonal,
          infiniplex_forest_straight_2, infiniplex_forest_3_way,
          infiniplex_forest_end_3, infiniplex_forest_clump_double
D:2:      layout_rooms, basic_altar
D:3:      layout_rooms, dk_yredelemnul_ordeal, bloody_makhleb,
          nicolae_overflow_ecumenical_swirl,
          hellmonk_ecumenical_altar_pennies_from_heaven, minmay_misc_feat_five
D:4:      layout_loops_ring, lemuel_crystal_altar, temple_pool_b,
          nicolae_ossuary_entry_catacombs, minmay_pentangle, uniq_robin
D:5:      layout_loops_ring, mainiacjoe_overflow_six_doors_small, serial_rivers,
          chequers_serial_rivers_room_a, chequers_serial_rivers_micro_b,
          chequers_serial_rivers_small_a, chequers_serial_rivers_large_a,
          chequers_serial_rivers_room_b
D:6:      layout_basic, mainiacjoe_overflow_boulevard, gup_sewer_entry_bowl
D:7:      layout_basic, feat_on_display, uniq_crazy_yiuf_cottage, uniq_joseph,
          uniq_pikel, uniq_jeremiah
Temple:   dpeg_chambers_temple

Skill      XL: |  1  2  3  4  5  6  7  8 |
---------------+-------------------------+-----
Dodging        | 1 2 |  2.8
Fighting       | 4 5 |  5.9
Axes           | 3 4 5 6 |  6.8
Throwing       | 1 2 |  2.9
Armour         | 4 5 |  5.1
Stealth        | |  0.4
Shields        | |  4.8

Action                     |  1- 3 |  4- 6 |  7- 9 || total
---------------------------+-------+-------+-------++-------
  Melee: War axe           |   131 |   109 |   286 ||   526
Ability: Dig               |       |       |     5 ||     5
    Use: Scroll            |     3 |     6 |     5 ||    14
         Potion            |     2 |       |     2 ||     4
 Armour: Scale mail        |    22 |       |       ||    22
         Chain mail        |    27 |       |       ||    27
         Plate armour      |    19 |    99 |   238 ||   356
  Dodge: Dodged            |    28 |    39 |    93 ||   160
  Block: Buckler           |    24 |    31 |    64 ||   119

Table legend: (Time is in decaauts)
 A = Elapsed time spent in this place.
 B = Non-inter-level travel time spent in this place.
 C = Inter-level travel time spent in this place.
 D = Time resting spent in this place.
 E = Time spent auto-exploring this place.
 F = Levels seen in this place.
 G = Mean time per level.
                   A        B        C        D        E       F      G
               +--------+--------+--------+--------+--------+-----+--------+
         Total |   6512 |   6429 |     83 |    897 |   3548 |   9 |  723.6 |
       Dungeon |   5758 |   5675 |     83 |    897 |   3235 |   7 |  822.6 |
        Temple |     82 |     82 |      0 |      0 |      0 |   1 |   82.0 |
         Sewer |    671 |    671 |      0 |      0 |    312 |   1 |  671.0 |
               +--------+--------+--------+--------+--------+-----+--------+

Top non-repeatable levels by time:
     D:4: 1421 daAuts
     D:2: 1276 daAuts
     D:6: 933 daAuts
     D:5: 834 daAuts
   Sewer: 671 daAuts
     D:3: 634 daAuts
     D:1: 631 daAuts
  Temple: 82 daAuts
     D:7: 26 daAuts
